 Dungeon Crawl Stone Soup version 0.29.1-15-g9cfb28693d (webtiles) character file.

Game seed: 4661494957907866312

3 Ast3rio the Cutter (level 1, -1/23 HPs)
             Began as a Gnoll Cinder Acolyte on Mar 8, 2023.
             Was a High Priest of Ignis.
             Succumbed to a kobold's poison
             ... on level 1 of the Dungeon.
             The game lasted 00:00:26 (340 turns).

Ast3rio the Cutter (Gnoll Cinder Acolyte)            Turns: 340, Time: 00:00:27

Health: -1/23      AC:  2    Str: 13    XL:     1   Next: 50%
Magic:  4/4        EV: 11    Int: 13    God:    Ignis [*****.]
Gold:   22         SH:  0    Dex:  7    Spells: 5/5 levels left

rFire   + . .      SeeInvis .   a - -1 short sword (flame)
rCold   . . .      Faith    .   (no shield)
rNeg    . . .      Spirit   .   b - +0 robe
rPois   .          Reflect  .   (no helmet)
rElec   .          Harm     .   (no cloak)
rCorr   .          Rampage  .   (no gloves)
Will    .....                   (no boots)
Stlth   +.........              (no amulet)
HPRegen 0.07/turn               (no ring)
MPRegen 0.09/turn               (no ring)

@: lethally poisoned (-1 -> -16)
A: fangs 1, strong nose, distributed training
a: Renounce Religion, Fiery Armour, Foxfire Swarm, Rising Flame


You were on level 1 of the Dungeon.
You worshipped Ignis.
Ignis was extremely pleased with you.
You visited 1 branch of the dungeon, and saw 1 of its levels.

You collected 22 gold pieces.

Inventory:

Hand Weapons
 a - a -1 short sword of flaming (weapon)
Armour
 b - a +0 robe (worn)
Scrolls
 c - a scroll of teleportation {unknown}


   Skills:
 + Level 6.4 Fighting
 + Level 6.4 Short Blades
 + Level 0.0 Long Blades
 + Level 0.0 Axes
 + Level 0.0 Maces & Flails
 + Level 0.0 Polearms
 + Level 0.0 Staves
 + Level 0.0 Ranged Weapons
 + Level 0.0 Throwing
 + Level 0.0 Armour
 + Level 0.0 Dodging
 + Level 0.0 Stealth
 + Level 0.0 Shields
 + Level 0.0 Unarmed Combat
 + Level 2.6 Spellcasting
 + Level 0.0 Conjurations
 + Level 0.0 Hexes
 + Level 0.0 Summonings
 + Level 0.0 Necromancy
 + Level 0.0 Translocations
 + Level 0.0 Transmutations
 + Level 5.3 Fire Magic
 + Level 0.0 Ice Magic
 + Level 0.0 Air Magic
 + Level 0.0 Earth Magic
 + Level 0.0 Poison Magic
 + Level 0.1 Invocations
 + Level 0.0 Evocations


You had 5 spell levels left.
You didn't know any spells.
Your spell library contained the following spells:

 Spells                   Type           Power      Damage    Failure   Level
 Scorch                   Fire           30%        2d6       4%          2


Dungeon Overview and Level Annotations

Branches:
Dungeon (1/15)

Altars:

Shops:
D:1 !


Innate Abilities, Weirdness & Mutations

You have very sharp teeth.
Your uncanny sense of smell can sniff out nearby items.
Your experience applies equally to all skills.


Message History

You are too injured to fight recklessly!
You are too injured to fight recklessly!
You are too injured to fight recklessly!
You are too injured to fight recklessly!
You are too injured to fight recklessly!
You are too injured to fight recklessly!
You are too injured to fight recklessly!
You are too injured to fight recklessly!
You are too injured to fight recklessly!
You are too injured to fight recklessly!
You are too injured to fight recklessly!
You are too injured to fight recklessly!
You are too injured to fight recklessly!
You are too injured to fight recklessly!
You are too injured to fight recklessly!
You are too injured to fight recklessly!
You are too injured to fight recklessly!
You are too injured to fight recklessly!
You are too injured to fight recklessly!
You are too injured to fight recklessly!
You are too injured to fight recklessly!
You are too injured to fight recklessly!
You are too injured to fight recklessly!
You are too injured to fight recklessly!
You are too injured to fight recklessly!
You are too injured to fight recklessly!
You are too injured to fight recklessly!
You are too injured to fight recklessly!
You are too injured to fight recklessly!
You are too injured to fight recklessly!
You closely miss the kobold. You punch the kobold, but do no damage.
Your bite misses the kobold.
* * * LOW HITPOINT WARNING * * *
You feel very sick. The kobold barely misses you.
You closely miss the kobold.
* * * LOW HITPOINT WARNING * * *
You feel very sick.
You hit the kobold but do no damage.
You die...

... +........ #.......#
#........ #.......#
###...... ###.......#
######......
#.........###...........
#..........##...........
#.......................
#...............(....(..
#....!K@................
##########..............
#.......[..###.
#..........# #.
######.....# #. #.....#
#. #####. .. ##


You could see a kobold.

Vanquished Creatures
  2 quokkas (D:1)
  A bat (D:1)
3 creatures vanquished.

Notes
Turn   | Place    | Note
-------+----------+-------------------------------------------
     0 | D:1      | Ast3rio the Gnoll Cinder Acolyte began the quest for the
                  | Orb.
     0 | D:1      | Reached XP level 1. HP: 23/23 MP: 4/4
     7 | D:1      | Found Wakhaet's Distillery.
   339 | D:1      | HP: 1/23 [poisoned by a kobold]
   340 | D:1      | Succumbed to a kobold's poison

Illustrated notes

Levels and vault maps discovered:
D:1:      noname_arrival_rooms_in_the_neighbourhood, layout_basic,
          shapermc_ecumenical_altar_mp_ritualfount, serial_shops, shop,
          st_stairs_3

Action                   || total
-------------------------++-------
Melee: Short sword       ||    29
       Punch             ||     1
       Bite              ||     1
Armor: Robe              ||     4
Dodge: Dodged            ||    16
